 Dungeon Crawl Stone Soup version 0.30-a0-341-g682706514a (webtiles) character file.

Game seed: 9572335684409728091

18 lunkers the Digger (level 3, -1/26 HPs)
             Began as a Meteoran Earth Elementalist on Nov 1, 2022.
             Slain by a gnoll
             ... wielding a +0 flail
              (11 damage)
             ... on level 3 of the Dungeon.
             The game lasted 00:01:34 (463 turns).

lunkers the Digger (Meteoran Earth Elementalist)     Turns: 463, Time: 00:01:35

Health: -1/26      AC:  2    Str: 10    XL:     3   Next: 8%
Magic:  6/8        EV: 12    Int: 18    God:
Gold:   64         SH:  0    Dex: 14    Spells: 7/8 levels left

rFire   . . .      SeeInvis .    c - +0 dagger
rCold   . . .      Faith    .    (no shield)
rNeg    . . .      Spirit   .    a - +0 robe
rPois   .          Reflect  .    (no helmet)
rElec   .          Harm     .    (no cloak)
rCorr   .          Rampage  .    (no gloves)
Will    .....                    (no boots)
Stlth   +.........               (no amulet)
HPRegen 0.24/turn                (no ring)
MPRegen 0.11/turn                (no ring)

@: glowing
A: sense surroundings 1, otherworldly, glowing, explore regen
a: no special abilities


You were on level 3 of the Dungeon.
You visited 1 branch of the dungeon, and saw 3 of its levels.

You collected 64 gold pieces.

Inventory:

Hand Weapons
 c - a +0 dagger (weapon)
Armour
 a - a +0 robe (worn)
Scrolls
 d - 3 scrolls of identify {unknown}
 e - a scroll of immolation {unknown}
 f - a scroll of acquirement {unknown}
Potions
 b - a potion of magic
 g - a potion of heal wounds {unknown}
 h - a potion of curing {unknown}


   Skills:
 - Level 2.4 Dodging
 - Level 1.4 Stealth
 + Level 3.1 Spellcasting
 - Level 1.2 Transmutations
 * Level 4.4 Earth Magic


You had 7 spell levels left.
You knew the following spells:

 Your Spells              Type           Power      Damage    Failure   Level
a - Sandblast             Erth           36%        2d10      2%          1

Your spell library contained the following spells:

 Spells                   Type           Power      Damage    Failure   Level
 Passwall                 Tmut/Erth      10%        N/A       8%          2
 Stone Arrow              Conj/Erth      20%        3d8       19%         3
 Blink                    Tloc           4%         N/A       24%         2
 Petrify                  Tmut/Erth      13%        N/A       45%         4
 Manifold Assault         Tloc           2%         N/A       85%         4
 Storm Form               Tmut/Air       2%         N/A       100%        7


Dungeon Overview and Level Annotations

Branches:
Dungeon (3/15) Zot: 1323

Altars:

Shops:
D:2 !


Innate Abilities, Weirdness & Mutations

You passively map a small area around you.
You are easily found by Zot.
You glow in the dark.
You regain HP and MP as you explore.


Message History

A kobold comes into view. It is wielding a +0 club.
Found a scroll labelled JOAKEW UCIMMA and 13 gold pieces.
The kobold shouts!
Found a stone staircase leading up.
Casting: Sandblast (safe; 2% risk of failure)
Confirm with . or Enter, or press ? or * to list all spells.
The blast of sand hits the kobold but does no damage.
Casting: Sandblast (safe; 2% risk of failure)
Confirm with . or Enter, or press ? or * to list all spells.
The blast of sand misses the kobold.
A kobold is nearby!
Casting: Sandblast (safe; 2% risk of failure)
Confirm with . or Enter, or press ? or * to list all spells.
The blast of sand hits the kobold!
You kill the kobold!
d - 2 scrolls labelled JOAKEW UCIMMA (gained 1)
You now have 64 gold pieces (gained 13).
d - 3 scrolls labelled JOAKEW UCIMMA (gained 1)
h - an amethyst potion
Found a stone staircase leading down.
There is a stone staircase leading down here.
You climb downwards.
The gnoll shouts!
Found a leather armour.
Found a stone staircase leading up.
There is a stone staircase leading up here.
Casting: Sandblast (safe; 2% risk of failure)
Confirm with . or Enter, or press ? or * to list all spells.
The blast of sand hits the gnoll!
The gnoll is heavily wounded.
The gnoll shouts!
Casting: Sandblast (safe; 2% risk of failure)
Confirm with . or Enter, or press ? or * to list all spells.
The blast of sand hits the gnoll but does no damage.
The gnoll is heavily wounded.
The gnoll hits you with a +2 flail of protection.
The gnoll hits you with a +0 flail. The gnoll barely misses you.
The gnoll hits you with a +2 flail of protection!
* * * LOW HITPOINT WARNING * * *
The gnoll hits you with a +0 flail!
You die...

, ** * ..
......
#.#.....,
~ ,.......
* .....#*
*
.....####
, **
#........,
, ,,
#.g......
, ,
#@g......
, ,
#g.......
,, ,
.........
,
##........
,
#........
, , ,*
#........
#..[.....
*
#..<.....
,


You could see 3 gnolls.

Vanquished Creatures
  A dart slug (D:1)
  A ball python (D:1)
  A giant cockroach (D:2)
  4 hobgoblins
  2 bats
  A frilled lizard (D:2)
  3 kobolds
  2 rats (D:1)
15 creatures vanquished.

Notes
Turn   | Place    | Note
-------+----------+-------------------------------------------
     0 | D:1      | lunkers the Meteoran Earth Elementalist began the quest for
                  | the Orb.
     0 | D:1      | Reached XP level 1. HP: 14/14 MP: 5/5
    88 | D:1      | Reached skill level 4 in Earth Magic
    88 | D:1      | Reached XP level 2. HP: 20/20 MP: 4/6
   247 | D:2      | Found Jyxzig's Distillery.
   378 | D:2      | Reached XP level 3. HP: 26/26 MP: 6/8
   463 | D:3      | Slain by a gnoll

Illustrated notes

Levels and vault maps discovered:
D:1:      dpeg_arrival_arbitrary_b, layout_loops_cross, serial_shops,
          nicolae_shop_statue_plus
D:2:      layout_loops_cross, serial_shops,
          nicolae_shop_temple_entry_statues_fountains, grunt_decor_arrowhead,
          nicolae_kite_square_tiling_tiny
D:3:      layout_rooms, gammafunk_temple_overflow_pools, serial_shops,
          nicolae_lakefront_shop, chequers_serial_rivers_large_a,
          grunt_decor_mini_mirrors, minmay_misc_feat_iff, corexii_shack,
          minmay_fractal_squares_diagonal_5, uniq_grinder

Skill      XL: |  1  2 |
---------------+-------+-----
Earth Magic    | 4 |  4.4
Spellcasting   | 3 |  3.1
Dodging        | |  2.4
Stealth        | |  1.4
Transmutations | |  1.2

Action                   || total
-------------------------++-------
 Cast: Sandblast         ||    28
Dodge: Dodged            ||     2

Table legend: (Time is in decaauts)
 A = Elapsed time spent in this place.
 B = Non-inter-level travel time spent in this place.
 C = Inter-level travel time spent in this place.
 D = Time resting spent in this place.
 E = Time spent auto-exploring this place.
 F = Levels seen in this place.
 G = Mean time per level.
                   A        B        C        D        E       F      G
               +--------+--------+--------+--------+--------+-----+--------+
         Total |    476 |    438 |     38 |      0 |    327 |   3 |  158.7 |
       Dungeon |    476 |    438 |     38 |      0 |    327 |   3 |  158.7 |
               +--------+--------+--------+--------+--------+-----+--------+

Top non-repeatable levels by time:
     D:2: 244 daAuts
     D:1: 227 daAuts
     D:3: 3 daAuts
